 Dungeon Crawl Stone Soup version 0.28.0 (webtiles) character file.

Game seed: 16188206152399203673

499 Hasart the Slasher (level 6, -3/51 HPs)
             Began as a Demigod Fighter on Feb 11, 2022.
             Slain by a black bear (5 damage)
             ... on level 5 of the Dungeon.
             The game lasted 00:06:12 (5135 turns).

Hasart the Slasher (Demigod Fighter)                Turns: 5135, Time: 00:06:13

Health: -3/51      AC:  7    Str: 17    XL:     6   Next: 62%
Magic:  8/8        EV: 11    Int: 10    God:
Gold:   182        SH:  6    Dex: 21    Spells: 5/5 levels left

rFire   . . .      SeeInvis .   a - +0 long sword
rCold   . . .      Faith    .   c - +0 buckler
rNeg    . . .      Spirit   .   r - +1 ring mail of Purpose {Slay+3}
rPois   .          Reflect  .   i - +0 helmet
rElec   .          Harm     .   (no cloak)
rCorr   .          Rampage  .   (no gloves)
Will    .....                   (no boots)
Stlth   +.........              (no amulet)
HPRegen 0.17/turn               (no ring)
MPRegen 0.11/turn               (no ring)

@: no status effects
A: high MP 1, forlorn, divine attributes
a: no special abilities


You were on level 5 of the Dungeon.
You visited 1 branch of the dungeon, and saw 5 of its levels.

You collected 182 gold pieces.

Inventory:

Hand Weapons
 a - a +0 long sword (weapon)
Missiles
 b - 3 boomerangs (quivered)
 f - 2 throwing nets
 q - 5 poisoned darts
 x - 4 javelins
Armour
 c - a +0 buckler (worn)
 i - a +0 helmet (worn)
 r - the +1 ring mail of Purpose (worn) {Slay+3}
   (You found it on level 3 of the Dungeon)

   Slay:      It affects your accuracy & damage with ranged weapons and melee
   (+3).
Scrolls
 e - 3 scrolls of identify {unknown}
 h - a scroll of vulnerability {unknown}
 j - a scroll of immolation {unknown}
 k - a scroll of magic mapping {unknown}
 m - 3 scrolls of teleportation {unknown}
 o - a scroll of blinking {unknown}
 y - a scroll of acquirement {unknown}
Potions
 d - 2 potions of might
 g - 2 potions of attraction {unknown}
 l - a potion of lignification {unknown}
 n - a potion of brilliance {unknown}
 p - a potion of berserk rage {unknown}
 s - a potion of flight {unknown}
 t - a potion of heal wounds {unknown}
 u - a potion of degeneration {unknown}
 v - a potion of curing {unknown}
 w - a potion of haste {unknown}


   Skills:
 + Level 3.6 Fighting
 * Level 4.0 Long Blades
 + Level 1.5 Throwing
 + Level 3.6 Armour
 + Level 2.3 Dodging
 + Level 3.7 Shields


You had 5 spell levels left.
You didn't know any spells.
Your spell library contained the following spells:

 Spells                   Type           Power      Damage    Failure   Level
 Shock                    Conj/Air       0%         1d3       65%         1
 Hailstorm                Conj/Ice       0%         3d3       100%        4
 Petrify                  Tmut/Erth      0%         N/A       100%        4
 Iskenderun's Battlesphe  Conj           0%         2d6       100%        5
 Metabolic Englaciation   Hex/Ice        0%         N/A       100%        5
 Statue Form              Tmut/Erth      0%         N/A       100%        6


Dungeon Overview and Level Annotations

Branches:
Dungeon (5/15)
 Temple: D:4-7


Innate Abilities, Weirdness & Mutations

You have an increased reservoir of magic. (+10% MP)
You shall have no god before yourself.
Your divine heritage dramatically boosts your attributes as you level up.


Message History

The black bear closely misses you. The black bear barely misses you.
The black bear claws you. The black bear bites you.
The black bear barely misses you.
The black bear claws you but does no damage.
You slash the black bear!
The black bear is almost dead.
You block the black bear's attack. x2; The black bear closely misses you.
An orc priest comes into view. It is wielding a +0 dagger.
The orc priest shouts!
You hit the black bear but do no damage.
The black bear is almost dead.
You hear a shout! x2
The black bear goes berserk!
The scorpion zombie hits you but does no damage.
The black bear rages.
The orc priest invokes the aid of Beogh against you.
Beogh smites you! The black bear bites you. The black bear claws you.
The black bear claws you but does no damage.
You hear a shout!
You hit the black bear.
The black bear is almost dead.
The black bear bites you. The black bear claws you.
The black bear claws you but does no damage.
The orc priest invokes the aid of Beogh against you.
Beogh smites you!
* * * LOW HITPOINT WARNING * * *
The black bear bites you but does no damage.
The black bear claws you.
* * * LOW HITPOINT WARNING * * *
The black bear closely misses you.
An orc warrior comes into view. It is wielding a +0 trident.
Unknown command.
You barely miss the black bear.
The black bear is almost dead.
The black bear barely misses you.
The black bear claws you but does no damage.
The black bear claws you.
* * * LOW HITPOINT WARNING * * *
The black bear bites you.
You die...

###..###.# ...
+........##.# . .. #+
#.........### .. ... #.
#.........#.#..#
...###.###.............#
.......................#.
........#........<.......
........#................
........#@##.............
#......Zh.##.............
#..........#.............
.........................
..o##..............).....
.. #..o.?................
# ##............
.............
......#.......


You could see an orc warrior, a black bear (berserk), an orc priest and a
scorpion zombie.

Vanquished Creatures
  Edmund (D:4)
  An ogre (D:4)
  A hound (D:4)
  Terence (D:2)
  An iguana (D:4)
  Robin (D:4)
  5 adders
  4 gnolls
  An ufetubus (D:4)
  A worm (D:4)
  9 orcs
  11 endoplasms
  3 giant cockroaches
  21 goblins
  12 hobgoblins
  8 kobolds
  6 quokkas
  13 ball pythons
  A bat (D:2)
  5 frilled lizards
  4 rats
110 creatures vanquished.

Notes
Turn   | Place    | Note
-------+----------+-------------------------------------------
     0 | D:1      | Hasart the Demigod Fighter began the quest for the Orb.
     0 | D:1      | Reached XP level 1. HP: 18/18 MP: 3/3
   178 | D:1      | Reached skill level 2 in Long Blades
   238 | D:1      | Reached XP level 2. HP: 12/25 MP: 4/4
  1008 | D:1      | Got the Guide on Combat Magic
  1245 | D:2      | Reached XP level 3. HP: 30/30 MP: 5/5
  1408 | D:2      | Reached skill level 1 in Dodging
  1496 | D:2      | Noticed Terence
  1513 | D:2      | Killed Terence
  1839 | D:2      | Reached XP level 4. HP: 14/38 MP: 6/6
  2295 | D:2      | Reached skill level 3 in Long Blades
  2874 | D:3      | Identified the +1 ring mail of Purpose {Slay+3}
  3587 | D:3      | Reached XP level 5. HP: 41/45 MP: 7/7
  3777 | D:4      | Noticed Edmund
  3827 | D:4      | Killed Edmund
  3828 | D:4      | Reached skill level 1 in Throwing
  3828 | D:4      | Reached XP level 6. HP: 12/51 MP: 8/8
  4413 | D:4      | Noticed Robin
  4769 | D:4      | Killed Robin
  4874 | D:4      | Reached skill level 4 in Long Blades
  5104 | D:5      | Entered Level 5 of the Dungeon
  5135 | D:5      | HP: 2/51 [black bear (4)]
  5135 | D:5      | Slain by a black bear

Illustrated notes

Levels and vault maps discovered:
D:1:      mushboom_english_gardens, layout_loops_ring,
          nicolae_ecumenical_snake_handling
D:2:      cheibrodos_helix_gallery, layout_rooms, grunt_ministairs_15,
          minmay_tetromino_i2, uniq_terence
D:3:      cheibrodos_greedy_goblins, layout_basic, okawaru_ov_weapons_minmay,
          nicolae_overflow_squiral, general_overflow_altar
D:4:      layout_rooms, kennysheep_mini, dk_vineyard_1, uniq_robin, uniq_edmund
D:5:      layout_cave_pools, lemuel_doored_altar,
          nicolae_wu_jian_immortal_techniques, serial_park,
          serial_park_tiny_pond, serial_park_tiny_pond, serial_park_tiny_1,
          hex_large, uniq_eustachio

Skill      XL: |  1  2  3  4  5  6 |
---------------+-------------------+-----
Long Blades    | 2 3 4 |  4.0
Shields        | 3 |  3.7
Armour         | 3 |  3.6
Dodging        | 1 2 |  2.3
Fighting       | 3 |  3.6
Throwing       | 1 |  1.5

Action                   |  1- 3 |  4- 6 || total
-------------------------+-------+-------++-------
Melee: Long sword        |   130 |   211 ||   341
Throw: Dart              |       |     5 ||     5
       Boomerang         |       |     1 ||     1
Armor: Scale mail        |    65 |    25 ||    90
       Ring mail         |       |    92 ||    92
Dodge: Dodged            |    47 |   157 ||   204
Block: Buckler           |    33 |    90 ||   123
